 Dungeon Crawl Stone Soup version 0.29.1-15-g9cfb28693d (webtiles) character file.

Game seed: 11543699333170549788

231 Ast3rio the Chopper (level 6, -7/53 HPs)
             Began as a Gnoll Cinder Acolyte on Mar 2, 2023.
             Was a High Priest of Ignis.
             Mangled by an ogre
             ... wielding a +0 giant club
              (25 damage)
             ... on level 4 of the Dungeon.
             The game lasted 00:06:20 (3515 turns).

Ast3rio the Chopper (Gnoll Cinder Acolyte)          Turns: 3515, Time: 00:06:21

Health: -7/53      AC: 10    Str: 16    XL:     6   Next: 4%
Magic:  11/11      EV:  4    Int: 13    God:    Ignis [*****.]
Gold:   216        SH:  0    Dex:  7    Spells: 11/11 levels left

rFire   + . .      SeeInvis .   c - +1 dagger (venom)
rCold   . . .      Faith    .   (no shield)
rNeg    . . .      Spirit   .   d - +0 plate armour
rPois   .          Reflect  .   (no helmet)
rElec   .          Harm     .   (no cloak)
rCorr   .          Rampage  .   (no gloves)
Will    .....                   (no boots)
Stlth   ..........              (no amulet)
HPRegen 0.17/turn               (no ring)
MPRegen 0.12/turn               (no ring)

@: lethally poisoned (-7 -> -9)
A: fangs 1, strong nose, distributed training
a: Renounce Religion, Fiery Armour, Foxfire Swarm, Rising Flame


You were on level 4 of the Dungeon.
You worshipped Ignis.
Ignis was extremely pleased with you.
You visited 1 branch of the dungeon, and saw 4 of its levels.

You collected 216 gold pieces.

Inventory:

Hand Weapons
 a - a -1 hand axe of flaming
 c - a +1 dagger of venom (weapon)
 s - a +1 vampiric dagger
 v - a +0 spectral club
Armour
 b - a +0 robe
 d - a +0 plate armour (worn)
Jewellery
 f - an amulet of the acrobat
 p - a +4 ring of evasion
Wands
 u - a wand of polymorph (7)
Scrolls
 e - 4 scrolls of noise {unknown}
 h - a scroll of amnesia {unknown}
 j - a scroll of vulnerability {unknown}
 k - 2 scrolls of teleportation {unknown}
 m - a scroll of enchant weapon {unknown}
 r - a scroll of torment {unknown}
 t - a scroll of identify {unknown}
Potions
 g - a potion of degeneration
 i - a potion of curing
 l - 2 potions of attraction {unknown}
 n - 2 potions of heal wounds {unknown}
 o - a potion of might {unknown}
 q - a potion of mutation {unknown}


   Skills:
 + Level 6.8 Fighting
 + Level 1.8 Short Blades
 + Level 1.8 Long Blades
 + Level 6.8 Axes
 + Level 1.8 Maces & Flails
 + Level 1.8 Polearms
 + Level 1.8 Staves
 + Level 1.8 Ranged Weapons
 + Level 1.8 Throwing
 + Level 1.8 Armour
 + Level 1.8 Dodging
 + Level 1.8 Stealth
 + Level 1.8 Shields
 + Level 1.8 Unarmed Combat
 + Level 3.3 Spellcasting
 + Level 1.4 Conjurations
 + Level 1.4 Hexes
 + Level 1.4 Summonings
 + Level 1.4 Necromancy
 + Level 1.4 Translocations
 + Level 1.4 Transmutations
 + Level 5.6 Fire Magic
 + Level 1.4 Ice Magic
 + Level 1.4 Air Magic
 + Level 1.4 Earth Magic
 + Level 1.4 Poison Magic
 + Level 2.0 Invocations
 + Level 1.8 Evocations


You had 11 spell levels left.
You didn't know any spells.
Your spell library contained the following spells:

 Spells                   Type           Power      Damage    Failure   Level
 Scorch                   Fire           32%        2d7       93%         2
 Frozen Ramparts          Ice            10%        1d2       100%        3
 Ice Form                 Ice/Tmut       5%         N/A       100%        4
 Summon Ice Beast         Ice/Summ       5%         N/A       100%        4


Dungeon Overview and Level Annotations

Branches:
Dungeon (4/15)
 Temple: D:4-7

Altars:
Okawaru


Innate Abilities, Weirdness & Mutations

You have very sharp teeth.
Your uncanny sense of smell can sniff out nearby items.
Your experience applies equally to all skills.


Message History

Moving in this stuff is going to be slow.
You enter the shallow water.
Moving in this stuff is going to be slow.
Done exploring.
No target in view!
There is a stone staircase leading down here.
You climb downwards.
Found a robe.
There is a stone staircase leading up here.
Found a whip.
k - 2 scrolls labelled WOLAUKASHA (gained 1)
An ogre comes into view. It is wielding a +0 giant club.
An ogre is nearby!
An adder comes into view.
Found a robe.
The adder moves out of view.
The ogre hits you with a +0 giant club!
You hit the ogre but do no damage.
The ogre is poisoned.
You bite the ogre.
The ogre is lightly wounded.
You hit the ogre.
The ogre looks as sick as possible!
The ogre is lightly wounded.
The adder bites you but does no damage. The ogre barely misses you.
You closely miss the ogre. You bite the ogre.
The ogre is moderately wounded.
The adder bites you.
You are poisoned.
The adder poisons you!
You hit the ogre.
The ogre looks as sick as possible!
The ogre is moderately wounded.
You feel sick. The adder bites you but does no damage.
The ogre hits you with a +0 giant club!
You are too injured to fight recklessly!
You are too injured to fight recklessly!
You are too injured to fight recklessly!
You are too injured to fight recklessly!
You are too injured to fight recklessly!
You are too injured to fight recklessly!
You hit the adder but do no damage.
The adder is poisoned.
You feel sick. The adder barely misses you.
The adder bites you but does no damage.
The ogre hits you with a +0 giant club!!
You die...

#############
######...........#
#............#.#.#
#.####.######.##.##
.[###.####.#
#.#...##
.......$.#.#
#......# ∆#..O#.#.#
#.....<. #@...#
##.###.# ∆#S####
#.# #.# #.. #.# #.#
.#.# #). [.# ∆ ∆ ..
.# ### ∆ ... ## ∆
#.#. #...


You could see an ogre (extremely poisoned) and an adder (very poisoned).

Vanquished Creatures
  An orc priest (D:3)
  Jessica (D:3)
  An iguana (D:3)
  A gnoll (D:1)
  8 adders (D:2)
  2 worms
  5 dart slugs
  2 orcs (D:3)
  5 endoplasms (D:1)
  A giant cockroach (D:2)
  4 goblins
  7 hobgoblins
  5 kobolds
  2 quokkas
  5 ball pythons
  3 bats
  4 frilled lizards
  3 rats
60 creatures vanquished.

Vanquished Creatures (collateral kills)
  6 foxfires (D:3)
6 creatures vanquished.

Vanquished Creatures (others)
  10 foxfires (D:3)
  12 plants (D:3)
22 creatures vanquished.

Grand Total: 88 creatures vanquished

Notes
Turn   | Place    | Note
-------+----------+-------------------------------------------
     0 | D:1      | Ast3rio the Gnoll Cinder Acolyte began the quest for the
                  | Orb.
     0 | D:1      | Reached XP level 1. HP: 23/23 MP: 4/4
   147 | D:1      | Reached XP level 2. HP: 23/29 MP: 5/5
   447 | D:1      | Reached XP level 3. HP: 20/35 MP: 7/7
   702 | D:1      | Reached skill level 1 in Invocations
  1102 | D:2      | Reached skill level 1 in Short Blades
  1102 | D:2      | Reached skill level 1 in Long Blades
  1102 | D:2      | Reached skill level 1 in Maces & Flails
  1102 | D:2      | Reached skill level 1 in Polearms
  1102 | D:2      | Reached skill level 1 in Staves
  1102 | D:2      | Reached skill level 1 in Ranged Weapons
  1102 | D:2      | Reached skill level 1 in Throwing
  1102 | D:2      | Reached skill level 1 in Armour
  1102 | D:2      | Reached skill level 1 in Dodging
  1102 | D:2      | Reached skill level 1 in Stealth
  1102 | D:2      | Reached skill level 1 in Shields
  1102 | D:2      | Reached skill level 1 in Unarmed Combat
  1102 | D:2      | Reached skill level 1 in Evocations
  1237 | D:2      | Reached XP level 4. HP: 38/41 MP: 8/8
  1408 | D:2      | Found a faded altar of an unknown god.
  1445 | D:2      | Found the +8 trident of the Octopus King {venom, rElec
                  | rPois}
  1500 | D:2      | Reached skill level 1 in Conjurations
  1500 | D:2      | Reached skill level 1 in Hexes
  1500 | D:2      | Reached skill level 1 in Summonings
  1500 | D:2      | Reached skill level 1 in Necromancy
  1500 | D:2      | Reached skill level 1 in Translocations
  1500 | D:2      | Reached skill level 1 in Transmutations
  1500 | D:2      | Reached skill level 1 in Ice Magic
  1500 | D:2      | Reached skill level 1 in Air Magic
  1500 | D:2      | Reached skill level 1 in Earth Magic
  1500 | D:2      | Reached skill level 1 in Poison Magic
  1829 | D:2      | Reached XP level 5. HP: 44/47 MP: 9/9
  2436 | D:3      | Found an iron altar of Okawaru.
  3019 | D:3      | Noticed Jessica
  3024 | D:3      | Killed Jessica
  3025 | D:3      | Reached XP level 6. HP: 48/53 MP: 9/11
  3515 | D:4      | Mangled by an ogre

Illustrated notes

Levels and vault maps discovered:
D:1:      nicolae_arrival_washed_ashore, layout_rooms
D:2:      layout_loops_corners, nicolae_ecumenical_snake_handling,
          corexii_item_surrounded_by_moat, grunt_ministairs_1
D:3:      layout_rooms, mainiacjoe_overflow_boulevard, serial_bayou,
          serial_bayou_pond_e, serial_bayou_shore_a, serial_bayou_lake_a,
          serial_bayou_lagoon_b, chequers_avenue, chequers_serial_rivers_marsh,
          uniq_jessica
D:4:      layout_loops_ring, minmay_fractal_squares_diagonal_5

Skill      XL: |  1  2  3  4  5 |
---------------+----------------+-----
Invocations    | 1 2 |  2.0
Short Blades   | 1 |  1.8
Long Blades    | 1 |  1.8
Maces & Flails | 1 |  1.8
Polearms       | 1 |  1.8
Staves         | 1 |  1.8
Ranged Weapons | 1 |  1.8
Throwing       | 1 |  1.8
Armour         | 1 |  1.8
Dodging        | 1 |  1.8
Stealth        | 1 |  1.8
Shields        | 1 |  1.8
Unarmed Combat | 1 |  1.8
Evocations     | 1 |  1.8
Spellcasting   | 3 |  3.3
Conjurations   | 1 |  1.4
Hexes          | 1 |  1.4
Summonings     | 1 |  1.4
Necromancy     | 1 |  1.4
Translocations | 1 |  1.4
Transmutations | 1 |  1.4
Ice Magic      | 1 |  1.4
Air Magic      | 1 |  1.4
Earth Magic    | 1 |  1.4
Poison Magic   | 1 |  1.4
Fighting       | |  6.8
Axes           | |  6.8
Fire Magic     | |  5.6

Action                   |  1- 3 |  4- 6 || total
-------------------------+-------+-------++-------
Melee: Dagger            |    90 |   150 ||   240
       Bite              |     6 |    12 ||    18
       Punch             |     3 |     3 ||     6
Invok: Foxfire Swarm     |       |     1 ||     1
  Use: Potion            |     2 |       ||     2
Armor: Plate armour      |    65 |   114 ||   179
Dodge: Dodged            |    15 |    25 ||    40
